 Dungeon Crawl Stone Soup version 0.28-a0-828-g0121872642 (webtiles) character file.

Game seed: 16410830314803702038

44574 Crownlay the Geomancer (level 14, -3/78 HPs)
             Began as a Gargoyle Earth Elementalist on Nov 10, 2021.
             Was a High Priest of Vehumet.
             Killed from afar by an oklob plant (28 damage)
             ... with a splash of acid
             ... on level 6 of the Lair of Beasts.
             The game lasted 00:55:05 (21300 turns).

Crownlay the Geomancer (GrEE)                      Turns: 21300, Time: 00:55:05

Health: -3/78      AC: 24    Str: 12    XL:     14   Next: 29%
Magic:  27/31      EV: 11    Int: 37    God:    Vehumet [*****.]
Gold:   1244       SH:  5    Dex: 10    Spells: 15/40 levels left

rFire   + . .      SeeInvis .   Z - staff of conjuration
rCold   . . .      Faith    .   H - +1 buckler "Fiqomnam" {Fly Int+2}
rNeg    + . .      Spirit   .   F - +0 steam dragon scales
rPois   ∞          Reflect  .   V - +2 helmet "Ihoatt" {rF+ Int+2 Stlth+}
rElec   +          Harm     .   y - +1 cloak
rCorr   .          Rampage  .   s - +0 pair of gloves {Stlth+}
Will    +....                   A - +2 pair of boots
Stlth   ++++......              M - amulet of magic regeneration
HPRegen 0.23/turn               e - +6 ring of intelligence
MPRegen 0.47/turn               N - +6 ring of intelligence

@: flying, studying Crossbows
A: sickness immunity, AC +10, big wings, negative energy resistance 1,
electricity resistance, torment resistance 1, petrification resistance
a: Renounce Religion


You were on level 6 of the Lair of Beasts.
You worshipped Vehumet.
Vehumet was extremely pleased with you.
You visited 3 branches of the dungeon, and saw 19 of its levels.

You collected 1244 gold pieces.

Inventory:

Missiles
 G - 176 stones
 I - a throwing net
Armour
 s - a +0 pair of gloves of stealth (worn)
 y - a +1 cloak (worn)
 A - a +2 pair of boots (worn)
 F - +0 steam dragon scales (worn)
 H - the +1 buckler "Fiqomnam" (worn) {Fly Int+2}
   (You took it off a gnoll sergeant on level 5 of the Dungeon)

   Int:       It affects your intelligence (+2).
   Fly:       It grants you flight.
 V - the +2 helmet "Ihoatt" (worn) {rF+ Int+2 Stlth+}
   (You acquired it on level 4 of the Lair of Beasts)

   Int:       It affects your intelligence (+2).
   rF:        It protects you from fire.
   Stlth:     It makes you more stealthy.
Magical Staves
 q - a staff of earth
 D - a staff of poison
 Z - a staff of conjuration (weapon)
Jewellery
 e - a +6 ring of intelligence (left hand)
 J - the ring "Poonaacish" {rN+ Dex+6 SInv}
   (You took it off Maurice on level 8 of the Dungeon)

   [ring of see invisible]

   Dex:       It affects your dexterity (+6).
   rN:        It protects you from negative energy.
   SInv:      It lets you see invisible.
 K - a ring of fire
 M - an amulet of magic regeneration (around neck)
 N - a +6 ring of intelligence (right hand)
 O - a ring of magical power
Wands
 b - a wand of paralysis (29)
 p - a wand of polymorph (6)
 z - a wand of flame (59)
 B - a wand of digging (9)
 E - a wand of iceblast (18)
 P - a wand of mindburst (27)
 X - a wand of charming (11)
Scrolls
 g - 4 scrolls of magic mapping
 i - a scroll of enchant weapon {unknown}
 l - 3 scrolls of summoning {unknown}
 m - 3 scrolls of blinking
 r - 5 scrolls of vulnerability
 u - a scroll of enchant armour {unknown}
 w - 13 scrolls of teleportation
 x - 3 scrolls of amnesia
 C - 3 scrolls of brand weapon {unknown}
 L - 3 scrolls of noise {unknown}
 Q - a scroll of fog {unknown}
 R - a scroll of torment {unknown}
 S - a scroll of holy word {unknown}
 T - a scroll of immolation {unknown}
Potions
 a - 2 potions of attraction
 c - 2 potions of might
 d - 5 potions of brilliance
 f - 7 potions of heal wounds
 h - 4 potions of haste
 j - 3 potions of lignification
 k - 3 potions of mutation
 n - 3 potions of magic
 o - a potion of invisibility {unknown}
 t - 3 potions of curing
 v - 2 potions of resistance {unknown}
 U - a potion of berserk rage {unknown}
 W - 2 potions of flight {unknown}
 Y - a potion of cancellation {unknown}


   Skills:
 - Level 5.0 Fighting
 - Level 1.5 Dodging
 - Level 2.1 Stealth
 - Level 4.0 Shields
 * Level 13.6 Spellcasting
 + Level 13.5 Conjurations
 - Level 5.0 Summonings
 - Level 0.7 Transmutations
 + Level 14.5 Earth Magic
 - Level 5.0 Evocations


You had 15 spell levels left.
You knew the following spells:

 Your Spells              Type           Power      Damage    Failure   Level
a - Sandblast             Erth           100%       2d20      0%          1
b - Stone Arrow           Conj/Erth      100%       3d13      0%          3
c - Spellforged Servitor  Conj/Summ      48%        N/A       8%          7
d - Lehudib's Crystal Sp  Conj/Erth      57%        10d13     9%          8
e - Iron Shot             Conj/Erth      57%        9d11      1%          6

Your spell library contained the following spells:

 Spells                   Type           Power      Damage    Failure   Level
 Fireball                 Conj/Fire      42%        3d17      1%          5
 Beastly Appendage        Tmut           60%        N/A       1%          1
 Sting                    Tmut/Pois      100%       1d8       1%          1
 Summon Small Mammal      Summ           100%       N/A       1%          1
 Passwall                 Tmut/Erth      57%        N/A       1%          2
 Poisonous Vapours        Pois/Air       50%        N/A       1%          2
 Wereblood                Tmut           30%        N/A       1%          2
 Call Canine Familiar     Summ           58%        N/A       1%          3
 Frozen Ramparts          Ice            50%        1d7       1%          3
 Ignite Poison            Fire/Tmut/Pois 27%        N/A       1%          3
 Mephitic Cloud           Conj/Pois/Air  73%        N/A       1%          3
 Summon Guardian Golem    Hex/Summ       43%        N/A       1%          3
 Petrify                  Tmut/Erth      69%        N/A       1%          4
 Freezing Cloud           Conj/Ice/Air   36%        6-21      1%          5
 Irradiate                Conj/Tmut      43%        3d28      1%          5
 Iskenderun's Battlesphe  Conj           100%       2d15      1%          5
 Orb of Destruction       Conj           56%        9d16      1%          7
 Spider Form              Tmut/Pois      27%        N/A       3%          3
 Gell's Gravitas          Tloc           25%        N/A       4%          3
 Lesser Beckoning         Tloc           25%        N/A       4%          3
 Teleport Other           Tloc           25%        N/A       4%          3
 Olgreb's Toxic Radiance  Pois           25%        N/A       4%          4
 Summon Ice Beast         Ice/Summ       43%        N/A       5%          4
 Summon Lightning Spire   Summ/Air       43%        N/A       5%          4
 Ice Form                 Ice/Tmut       27%        N/A       13%         4
 Passage of Golubria      Tloc           25%        N/A       16%         4
 Blade Hands              Tmut           15%        N/A       30%         5
 Metabolic Englaciation   Hex/Ice        12%        N/A       38%         5
 Silence                  Hex/Air        12%        N/A       38%         5
 Dispersal                Tloc           12%        N/A       93%         6
 Ozocubu's Refrigeration  Ice            12%        4d7       95%         7
 Haunt                    Necr/Summ      21%        N/A       99%         7
 Dragon Form              Tmut           15%        N/A       100%        7
 Ignition                 Fire           12%        3d6       100%        8
 Chain Lightning          Conj/Air       42%        3d56      100%        9
 Statue Form              Tmut/Erth      Unusable   N/A       N/A         6

Dungeon Overview and Level Annotations

Branches:
Dungeon (12/15)            Temple (1/1) D:4            Lair (6/6) D:8
  Swamp (0/4) Lair:3       Spider (0/4) Lair:2        Slime (0/5) Lair:6
    Orc (0/2) D:12

Altars:
Dithmenos
Elyvilon
Hepliaklqana
Makhleb
Nemelex Xobeh
Okawaru
Ru
Sif Muna
Vehumet
Xom
Yredelemnul
Zin
The Shining One

Shops:
D:1 !   D:8 =

Portals:
Trove: D:11 (give 5 potions of resistance)

Annotations:
D:8 2 runed translucent doors, nago's ghost, novice GnCA
D:10 3 runed translucent doors
D:11 3 runed translucent doors, exclusion: boulder beetle, sn0wgr3's ghost, journeyman MiFi
Lair:2 1 runed translucent door, vurker's ghost, journeyman FeAE
Lair:6 exclusion: 3 oklob plants


Innate Abilities, Weirdness & Mutations

You are immune to sickness and miasma.
Your stone body is resilient. (AC +10)
You are immune to poison.
Your large and strong wings let you fly.
You resist negative energy. (rN+)
You are resistant to electric shocks. (rElec)
You are resistant to unholy torment.
You are immune to petrification.


Message History

What are your orders? t - Shout!
Orders for allies: a - Attack new target. r - Retreat! s - Stop attacking. g - Guard the area. f - Follow me.
Anything else - Cancel.
Gang up on whom?
Press: ? - help, Dir - move target, f - you
Okay, then.
Really fly into a travel-excluded area?
The oklob plant spits acid at you. The splash of acid misses you.
What are your orders? t - Shout!
Orders for allies: a - Attack new target. p - Attack previous target. r - Retreat! s - Stop attacking. g - Guard the area. f - Follow me.
Anything else - Cancel.
Gang up on whom?
Press: ? - help, Dir - move target, f/p - oklob plant
Aim: an oklob plant (ally target) Attack!
A splash of acid appears from out of your range of vision.
The splash of acid hits your spellforged servitor!
The acid corrodes your spellforged servitor!
The oklob plant spits acid at you. The splash of acid hits you!!
A splash of acid appears from out of your range of vision.
The splash of acid hits your spellforged servitor!!
Your spellforged servitor seems to be corroded for longer.
Your spellforged servitor points at the oklob plant and mumbles some strange words.
The crystal spear hits the oklob plant!!
The oklob plant spits acid at you. The splash of acid hits you!!
A splash of acid appears from out of your range of vision.
The splash of acid hits your spellforged servitor!!
Your spellforged servitor seems to be corroded for longer.
The oklob plant spits acid at you. The splash of acid hits you!!
You die...

#......#.###.....# #....
##......## #....P# #.... #..<..##
#....## #.... #.....## #.....##
##.... ##......# ##......#
##..... #......P# #......##
#...... ##.....## #......#
##..... #####...[.## ##.....#
##.... #P.........# #.@..P###
####..... ..........##
#.....P.###........
...........#.....................
.................................
................9................
.................................
...................##.P####......
.............PP....#..## ###....
.............>P.....### ##...


You could see 2 oklob plants and a friendly spellforged servitor (summoned,
corroded).

Vanquished Creatures
  A dire elephant (Lair:6)
  4 hydras
  3 two-headed ogres
  A catoblepas (Lair:6)
  6 death yaks (Lair:6)
  A nameless horror (Lair:5)
  Pikel (D:6)
  An oklob plant (Lair:3)
  A deep elf pyromancer (D:12)
  A cyclops (D:8)
  An ugly thing (D:12)
  2 manticores (D:12)
  Maurice (D:8)
  5 cane toads
  3 rime drakes
  6 komodo dragons
  3 polar bears
  2 trolls
  6 jumping spiders (Lair:2)
  A hornet (D:8)
  5 dream sheep (Lair:6)
  11 blink frogs
  3 slime creatures (D:12)
  2 redbacks (Lair:2)
  Sigmund (D:2)
  3 wyverns
  17 yaks
  Eustachio (D:6)
  A steam dragon (D:8)
  2 basilisks
  7 vampire mosquitoes
  A swamp worm (Lair:3)
  Duvessa (D:6)
  An acid dragon (D:11)
  11 water moccasins
  The ghost of Ska the Sneak, an amateur FeBe of Trog (D:5)
  2 orc warriors
  2 black bears
  A sky beast (D:6)
  A necrophage (D:5)
  7 centaurs
  14 wolves
  3 lemures
  2 kobold brigands (D:9)
  8 scorpions
  2 gnoll sergeants (D:5)
  8 bullfrogs
  A wyvern zombie (D:6)
  A wyvern skeleton (D:7)
  Dowan (D:6)
  8 wights
  12 killer bees
  4 howler monkeys
  2 bullfrog zombies
  5 orc priests
  A centaur zombie (D:8)
  A hound (D:5)
  A centaur skeleton (D:5)
  A gnoll shaman (D:5)
  A jelly (D:8)
  Jessica (D:2)
  A bullfrog skeleton (D:7)
  2 orc wizards
  7 iguanas
  Terence (D:2)
  2 hound skeletons
  A howler monkey zombie (D:5)
  7 gnolls (D:5)
  9 adders
  2 shadow imps (D:6)
  A white imp (D:6)
  3 worms
  5 dart slugs
  35 orcs
  10 endoplasms
  6 giant cockroaches
  12 goblins
  3 hobgoblins
  9 jackals
  4 quokkas
  8 ball pythons
  4 bats
  5 frilled lizards
  16 kobolds
  7 rats
368 creatures vanquished.

Vanquished Creatures (collateral kills)
  A boulder beetle (Lair:4)
  3 hydras
  A deep troll shaman (Lair:6)
  4 death yaks (Lair:6)
  3 bog bodies (Lair:3)
  An oklob plant (Lair:6)
  3 elephants (Lair:6)
  A black mamba (Lair:6)
  A cane toad (Lair:6)
  2 blink frogs (Lair:6)
  A wyvern (Lair:6)
  7 yaks
  3 basilisks (Lair:6)
  A swamp worm (Lair:3)
  A black bear (Lair:6)
  2 wolves (Lair:6)
  A bullfrog (Lair:5)
  3 electric eels
39 creatures vanquished.

Vanquished Creatures (others)
  15 fungi
  22 plants
37 creatures vanquished.

Grand Total: 444 creatures vanquished

Notes
Turn   | Place    | Note
-------+----------+-------------------------------------------
     0 | D:1      | Crownlay the Gargoyle Earth Elementalist began the quest
                  | for the Orb.
     0 | D:1      | Reached XP level 1. HP: 10/10 MP: 3/3
   165 | D:1      | Found a faded altar of an unknown god.
   252 | D:1      | Reached XP level 2. HP: 15/15 MP: 5/5
   269 | D:1      | Reached skill level 4 in Earth Magic
   512 | D:1      | Found Edeliclu's Distillery.
   871 | D:2      | Reached XP level 3. HP: 19/19 MP: 7/7
  1274 | D:2      | Learned a level 3 spell: Stone Arrow
  1297 | D:2      | Reached XP level 4. HP: 24/24 MP: 5/9
  1494 | D:2      | Noticed Terence
  1507 | D:2      | Killed Terence
  1508 | D:2      | Reached XP level 5. HP: 16/28 MP: 0/11
  1647 | D:2      | Noticed Jessica
  1649 | D:2      | Killed Jessica
  1737 | D:2      | Noticed Sigmund
  1968 | D:3      | Reached skill level 5 in Earth Magic
  3456 | D:4      | Found a staircase to the Ecumenical Temple.
  3465 | Temple   | Entered the Ecumenical Temple
  3574 | Temple   | Became a worshipper of Vehumet
  3675 | D:4      | Reached skill level 1 in Conjurations
  3733 | D:4      | Reached XP level 6. HP: 32/32 MP: 5/13
  3956 | D:5      | Entered Level 5 of the Dungeon
  3993 | D:5      | Reached skill level 5 in Spellcasting
  4112 | D:5      | Reached XP level 7. HP: 35/36 MP: 9/15
  4171 | D:5      | Reached skill level 6 in Earth Magic
  4536 | D:5      | Identified the +1 buckler "Fiqomnam" {Fly Int+2}
  4550 | D:5      | Found a transporter.
  4556 | D:5      | Found a transporter.
  4789 | D:5      | Noticed Ska's ghost (amateur FeBe)
  5107 | D:2      | Identified 2 scrolls of acquirement
  5108 | D:2      | Acquired the Disquisition on Slavery and Confrontation
  5112 | D:2      | Acquired a staff of earth
  5247 | D:2      | Killed Sigmund
  5248 | D:2      | Reached XP level 8. HP: 41/41 MP: 4/17
  5494 | D:6      | Reached * piety under Vehumet
  5494 | D:6      | Offered knowledge of Shock by Vehumet.
  5497 | D:6      | Reached skill level 7 in Earth Magic
  5752 | D:6      | Noticed Pikel
  5755 | D:6      | Noticed a two-headed ogre
  5922 | D:6      | Noticed Eustachio
  5933 | D:6      | Killed Eustachio
  6081 | D:6      | Killed Pikel
  6082 | D:6      | Reached skill level 5 in Conjurations
  6082 | D:6      | Reached XP level 9. HP: 43/45 MP: 0/20
  6278 | D:6      | Reached skill level 8 in Earth Magic
  6611 | D:6      | Noticed Dowan
  6612 | D:6      | Reached skill level 1 in Summonings
  6612 | D:6      | Noticed Duvessa
  6615 | D:6      | Killed Dowan
  6619 | D:6      | Killed Duvessa
  6867 | D:6      | Killed a two-headed ogre
  7314 | D:7      | Reached skill level 9 in Earth Magic
  7314 | D:7      | Reached XP level 10. HP: 50/50 MP: 5/23
  8256 | D:8      | Found Wiloular's Jewellery Shoppe.
  8261 | D:8      | Found a staircase to the Lair.
  8389 | D:8      | Noticed a cyclops
  8393 | D:8      | Killed a cyclops
  8461 | D:8      | Found a runed translucent door.
  8465 | D:8      | Noticed nago's ghost (novice GnCA)
  8468 | D:8      | Identified the +4 trident of the Sea {protect, rF+ rC++}
  8647 | D:8      | Noticed Maurice
  8668 | D:8      | Reached ** piety under Vehumet
  8930 | D:8      | Identified the ring "Poonaacish" {rN+ Dex+6 SInv}
  8932 | D:8      | Killed Maurice
  8932 | D:8      | Offered knowledge of Scorch by Vehumet.
  8933 | D:8      | Reached skill level 10 in Spellcasting
  8963 | D:8      | Found a runed translucent door.
  8965 | D:8      | Found a runed translucent door.
  9514 | D:5      | Killed Ska's ghost
  9781 | D:8      | Reached skill level 1 in Shields
 10148 | D:9      | Offered knowledge of Searing Ray by Vehumet.
 10149 | D:9      | Reached skill level 10 in Earth Magic
 10151 | D:9      | Reached XP level 11. HP: 54/54 MP: 13/25
 10398 | D:9      | Reached *** piety under Vehumet
 10982 | D:9      | Found a faded altar of an unknown god.
 10983 | D:9      | Found a hazy altar of Hepliaklqana.
 11141 | D:10     | Entered Level 10 of the Dungeon
 11160 | D:10     | Found a runed translucent gate.
 11161 | D:10     | Found a runed translucent gate.
 11161 | D:10     | Found a runed translucent gate.
 11163 | D:10     | Noticed a white ugly thing
 11163 | D:10     | Noticed a glowing orange brain
 11163 | D:10     | Noticed a cyan ugly thing
 11167 | D:10     | Noticed a purple ugly thing
 11319 | D:10     | Offered knowledge of Hailstorm by Vehumet.
 11509 | D:10     | Reached skill level 5 in Summonings
 12427 | D:11     | Noticed a two-headed ogre
 12432 | D:11     | Killed a two-headed ogre
 12516 | D:11     | Noticed a boulder beetle
 12568 | D:11     | Noticed a two-headed ogre
 12573 | D:11     | Killed a two-headed ogre
 12902 | D:11     | Found a portal to a secret trove of treasure.
 12987 | D:11     | Noticed sn0wgr3's ghost (journeyman MiFi)
 12989 | D:11     | Noticed a minotaur
 12992 | D:11     | Noticed a two-headed ogre
 13016 | D:11     | Found a runed translucent gate.
 13016 | D:11     | Found a runed translucent gate.
 13016 | D:11     | Found a runed translucent gate.
 13783 | D:12     | Found a staircase to the Orcish Mines.
 13810 | D:12     | Noticed a white ugly thing
 13814 | D:12     | Reached skill level 1 in Evocations
 13820 | D:12     | Killed a white ugly thing
 13940 | D:12     | Noticed a manticore
 13942 | D:12     | Noticed a manticore
 13942 | D:12     | Noticed a deep elf pyromancer
 13947 | D:12     | Killed a manticore
 13948 | D:12     | Killed a manticore
 13953 | D:12     | Killed a deep elf pyromancer
 14266 | Lair:1   | Entered Level 1 of the Lair of Beasts
 14370 | Lair:1   | Noticed a four-headed hydra
 14385 | Lair:1   | Killed a four-headed hydra
 14435 | Lair:1   | Reached XP level 12. HP: 59/59 MP: 27/27
 14443 | Lair:1   | Learned a level 7 spell: Spellforged Servitor
 14556 | Lair:1   | Reached **** piety under Vehumet
 14580 | Lair:1   | Learned a level 8 spell: Lehudib's Crystal Spear
 14960 | Lair:1   | You fall into a shaft and drop 1 floor!
 15225 | Lair:2   | Noticed a six-headed hydra
 15232 | Lair:2   | Killed a six-headed hydra
 15264 | Lair:2   | Offered knowledge of Fulminant Prism by Vehumet.
 15374 | Lair:2   | Found a hole to the Spider Nest.
 15377 | Lair:2   | Reached skill level 5 in Evocations
 15379 | Lair:2   | Reached skill level 10 in Conjurations
 15683 | Lair:2   | Noticed a seven-headed hydra
 15916 | Lair:2   | Found a runed translucent door.
 15916 | Lair:2   | Found a shimmering altar of Xom.
 15916 | Lair:2   | Noticed vurker's ghost (journeyman FeAE)
 15917 | Lair:2   | Identified the +3 scythe of Woe {chaos, MP+9}
 15989 | Lair:2   | Killed a seven-headed hydra
 15990 | Lair:2   | Reached skill level 11 in Earth Magic
 17125 | Lair:3   | Reached XP level 13. HP: 31/63 MP: 14/30
 17294 | Lair:3   | Found a staircase to the Swamp.
 17300 | Lair:3   | Reached skill level 12 in Earth Magic
 17617 | Lair:4   | Reached skill level 1 in Fighting
 17790 | Lair:4   | Reached ***** piety under Vehumet
 17790 | Lair:4   | Offered knowledge of Fireball by Vehumet.
 18061 | Lair:4   | You are sucked into a shaft and drop 2 floors!
 18061 | Lair:6   | Entered Level 6 of the Lair of Beasts
 18061 | Lair:6   | Found a staircase to the Slime Pits.
 18886 | Lair:4   | Acquired the +2 helmet "Ihoatt" {rF+ Int+2 Stlth+}
 19537 | Lair:6   | Reached skill level 5 in Fighting
 19544 | Lair:6   | Reached skill level 13 in Earth Magic
 19962 | Lair:6   | Reached skill level 14 in Earth Magic
 20006 | Lair:6   | Gained mutation: Your large and strong wings let you fly.
                  | [Gargoyle growth]
 20006 | Lair:6   | Reached XP level 14. HP: 78/78 MP: 14/31
 20108 | Lair:6   | Learned a level 6 spell: Iron Shot
 20414 | Lair:6   | Noticed a dire elephant
 20581 | Lair:6   | Killed a dire elephant
 21300 | Lair:6   | Killed from afar by an oklob plant

Illustrated notes

Levels and vault maps discovered:
D:1:      sevenhm_arrival_forest_fort_large_4, layout_rooms,
          ebering_ecumenical_altar_box, serial_shops, nicolae_shop_statue_plus
D:2:      layout_loops_cross, minmay_joined_circles, uniq_jessica, uniq_sigmund,
          uniq_terence
D:3:      layout_basic
D:4:      layout_basic, minmay_temple_entry_large_hall
D:5:      layout_loops_ring, gammafunk_ghost_gnarly_gnolls
D:6:      corexii_shack_village, layout_cave_pools, serial_column_ruins,
          column_ruins_courtyard_long_water, column_ruins_open_tiny,
          column_ruins_columns_water, column_ruins_grid_3,
          column_ruins_open_tiny_water, column_ruins_columns_water,
          feat_on_display, uniq_duvessa, uniq_eustachio, uniq_pikel
D:7:      layout_basic
D:8:      lemuel_insect_pit, layout_loops_ring, lair_entry_dummy, serial_shops,
          shop_statue, serial_glass, glass_columns_a, glass_columns_c,
          ebering_ghost_funeral_grove, uniq_maurice
D:9:      layout_loops_cross, beargit_hepliaklqana_dungeon_heroes
D:10:     layout_gridville, ploomutoo_gammafunk_ghost_potion_laboratory,
          chequers_jeans
D:11:     layout_layer_cave, nicolae_trove_entry_columns,
          maelrawn_ghost_gauntlet_escape
D:12:     layout_roguey, orc_0_dummy, serial_shops, kennysheep_little_box,
          yredelemnul_forgotten_temple_becter
Temple:   kilobyte_greek_temple
Lair:1:   layout_regular_city
Lair:2:   layout_loops_ring, nicolae_spider_entry_tight_spaces,
          ebering_ghost_xom, grunt_megastairs_4
Lair:3:   layout_regular_city, nicolae_swamp_entry_splash_gauntlet,
          minmay_lair_oklob_bushes
Lair:4:   layout_regular_city, nzn_sisyphean_effort
Lair:5:   layout_hall_layers
Lair:6:   grunt_lair_end_beastmaster, layout_long_grid,
          minmay_slime_entry_oklob_open, st_stairs_7, disabler_island

Skill      XL: |  1  2  3  4  5  6  7  8  9 10 11 12 13 |
---------------+----------------------------------------+-----
Earth Magic    | 4 5 6 7 9 10 11 14 | 14.5
Spellcasting   | 3 4 5 6 7 9 10 11 13 | 13.6
Conjurations   | 1 2 3 5 6 7 9 11 13 | 13.5
Summonings     | 2 4 5 |  5.0
Shields        | 4 |  4.0
Evocations     | 3 5 |  5.0
Fighting       | 5 |  5.0
Dodging        | |  1.5
Stealth        | |  2.1
Transmutations | |  0.7

Action                   |  1- 3 |  4- 6 |  7- 9 | 10-12 | 13-15 || total
-------------------------+-------+-------+-------+-------+-------++-------
Melee: Dagger            |   125 |    26 |       |       |       ||   151
       Whip              |     7 |       |       |       |       ||     7
       Mace              |       |    35 |       |       |       ||    35
       Staff             |       |       |       |    65 |     1 ||    66
 Cast: Sandblast         |    17 |    79 |    51 |   186 |    41 ||   374
       Stone Arrow       |       |       |    64 |   156 |    75 ||   295
       Spellforged Servi |       |       |       |     4 |    25 ||    29
       Iron Shot         |       |       |       |       |     9 ||     9
Evoke: Wand              |       |       |       |       |     3 ||     3
  Use: Scroll            |       |     2 |     4 |     6 |     3 ||    15
       Potion            |       |       |       |       |     1 ||     1
 Stab: Sleeping          |     2 |       |       |       |       ||     2
Armor: Robe              |    53 |    54 |    19 |    11 |       ||   137
       Steam dragon scal |       |       |       |   135 |    21 ||   156
Dodge: Dodged            |    80 |    52 |    15 |   153 |    16 ||   316
Block: Buckler           |       |       |       |     5 |     6 ||    11

Table legend: (Time is in decaauts)
 A = Elapsed time spent in this place.
 B = Non-inter-level travel time spent in this place.
 C = Inter-level travel time spent in this place.
 D = Time resting spent in this place.
 E = Time spent auto-exploring this place.
 F = Levels seen in this place.
 G = Mean time per level.
                   A        B        C        D        E       F      G
               +--------+--------+--------+--------+--------+-----+--------+
         Total |  21373 |  19749 |   1624 |    488 |  15703 |  19 | 1124.9 |
       Dungeon |  14178 |  12769 |   1409 |     44 |  10529 |  12 | 1181.5 |
        Temple |    138 |    108 |     30 |      0 |     96 |   1 |  138.0 |
          Lair |   7057 |   6872 |    185 |    444 |   5078 |   6 | 1176.2 |
               +--------+--------+--------+--------+--------+-----+--------+

Top non-repeatable levels by time:
  Lair:6: 2022 daAuts
     D:6: 1688 daAuts
     D:5: 1563 daAuts
     D:8: 1480 daAuts
    D:11: 1409 daAuts
     D:2: 1337 daAuts
     D:9: 1264 daAuts
     D:3: 1203 daAuts
  Lair:2: 1127 daAuts
  Lair:3: 1095 daAuts
     D:7: 1054 daAuts
  Lair:1: 1042 daAuts
    D:10: 1012 daAuts
  Lair:4: 888 daAuts
  Lair:5: 880 daAuts
